 Dungeon Crawl Stone Soup version 0.29.1-13-g9f3cf754e1 (webtiles) character file.

Game seed: 13736011426819195457

2367 Oxelix the Cleaver (level 9, -2/79 HPs)
             Began as a Hill Orc Fighter on Feb 7, 2023.
             Was a Follower of Beogh.
             Slain by a black bear (4 damage)
             ... on level 7 of the Dungeon.
             The game lasted 00:10:21 (6908 turns).

Oxelix the Cleaver (Hill Orc Fighter)               Turns: 6908, Time: 00:10:22

Health: -2/79      AC:  3    Str: 32    XL:     9   Next: 44%
Magic:  9/9        EV:  9    Int:  8    God:    Beogh [*.....]
Gold:   230        SH:  5    Dex: 15    Spells: 8/8 levels left

rFire   . . .      SeeInvis .   F - +5 broad axe "Morefint" {freeze, Will- Str+3 Dex+5}
rCold   . . .      Faith    .   c - +0 buckler
rNeg    . . .      Spirit   .   b - +0 scale mail
rPois   +          Reflect  .   q - +0 helmet
rElec   .          Harm     .   (no cloak)
rCorr   .          Rampage  .   (no gloves)
Will    .....                   u - +2 pair of boots
Stlth   ..........              a - amulet of the acrobat
HPRegen 0.23/turn               w - +6 ring of strength
MPRegen 0.11/turn               A - ring of poison resistance

@: corroded
A: no striking features
a: Renounce Religion


You were on level 7 of the Dungeon.
You worshipped Beogh.
Beogh was aware of your devotion.
You visited 2 branches of the dungeon, and saw 8 of its levels.
You also visited: Sewer.

You collected 455 gold pieces.
You spent 225 gold pieces at shops.

Inventory:

Hand Weapons
 E - a +0 battleaxe
 F - the +5 broad axe "Morefint" (weapon) {freeze, Will- Str+3 Dex+5}
   (You bought it in a shop on level 6 of the Dungeon)

   It freezes those it strikes, dealing additional cold damage.
   It can also slow down cold-blooded creatures.
   Str:       It affects your strength (+3).
   Dex:       It affects your dexterity (+5).
   Will:      It decreases your willpower.
Missiles
 g - 49 poisoned darts (quivered)
 s - 5 javelins
Armour
 b - a +0 scale mail (worn)
 c - a +0 buckler (worn)
 q - a +0 helmet (worn)
 u - a +2 pair of boots (worn)
Jewellery
 a - an amulet of the acrobat (around neck)
 w - a +6 ring of strength (left hand)
 y - an amulet of magic regeneration
 A - a ring of poison resistance (right hand)
Wands
 t - a wand of flame (26)
 D - a wand of charming (4)
 G - a wand of iceblast (5)
Scrolls
 e - 3 scrolls of enchant weapon {unknown}
 f - 3 scrolls of immolation {unknown}
 i - 13 scrolls of identify {unknown}
 j - 3 scrolls of magic mapping {unknown}
 k - 2 scrolls of vulnerability {unknown}
 m - 3 scrolls of teleportation {unknown}
 o - 3 scrolls of amnesia {unknown}
 p - 2 scrolls of brand weapon {unknown}
 v - a scroll of summoning {unknown}
 z - 2 scrolls of fog {unknown}
Potions
 d - 3 potions of invisibility {unknown}
 h - 5 potions of curing {unknown}
 l - a potion of flight {unknown}
 n - 5 potions of resistance {unknown}
 r - a potion of haste
 x - a potion of degeneration {unknown}
Miscellaneous
 B - a tin of tremorstones (2/2)
 C - a phial of floods


   Skills:
 - Level 7.0 Fighting
 * Level 14.5 Axes
 + Level 3.5 Armour
 + Level 3.5 Shields


You had 8 spell levels left.
You didn't know any spells.
Your spell library contained the following spells:

 Spells                   Type           Power      Damage    Failure   Level
 Blink                    Tloc           0%         N/A       86%         2
 Static Discharge         Conj/Air       0%         3-3/arc   86%         2
 Corpse Rot               Necr/Pois/Air  0%         N/A       100%        4
 Dispel Undead            Necr           0%         3d6       100%        4
 Leda's Liquefaction      Hex/Erth       0%         N/A       100%        4
 Lee's Rapid Deconstruct  Erth           0%         3d5*      100%        5
 Lightning Bolt           Conj/Air       0%         1d11      100%        5
 Manifold Assault         Tloc           0%         N/A       100%        5
 Death Channel            Necr           0%         N/A       100%        6
 Statue Form              Tmut/Erth      0%         N/A       100%        6
 Storm Form               Tmut/Air       0%         N/A       100%        7
 Maxwell's Capacitive Co  Air            0%         ∞         100%        8


Dungeon Overview and Level Annotations

Branches:
Dungeon (7/15)             Temple (1/1) D:4           Sewer (visited)

Altars:
Ashenzari
Dithmenos
Elyvilon
Fedhas
Gozag
Hepliaklqana
Kikubaaqudgha
Makhleb
Okawaru
Ru
Sif Muna
Trog
Uskayaw
Vehumet
Wu Jian
Xom
Yredelemnul
Zin
The Shining One

Shops:
D:6 =((:


Message History

You hear a shout! x2
You slash the acid dragon! You freeze the acid dragon.
The acid dragon is heavily wounded.
You miss the orc wizard. You block the acid dragon's attack.
The acid dragon closely misses you. The orc wizard barely misses you.
You slice the acid dragon!! You freeze the acid dragon.
You kill the acid dragon!
Beogh accepts your kill.
You slash the orc wizard! You freeze the orc wizard.
You kill the orc wizard!
Beogh accepts your kill.
An orc priest comes into view. It is wielding a +0 hand axe.
The black bear misses you. The black bear closely misses you.
The black bear claws you.
* * * LOW HITPOINT WARNING * * *
An orc comes into view. It is wielding a +0 club.
Things that are here:
a +0 flail; a +0 chain mail The black bear closely misses you.
The black bear completely misses you. The black bear misses you.
The black bear bites you.
* * * LOW HITPOINT WARNING * * *
The black bear closely misses you. The black bear claws you.
* * * LOW HITPOINT WARNING * * *
Okay, then.
You hit the black bear but do no damage.
You block the black bear's attack. The black bear claws you.
* * * LOW HITPOINT WARNING * * *
The black bear claws you but does no damage.
You hit the black bear. You freeze the black bear.
The black bear is moderately wounded.
The black bear bites you!
* * * LOW HITPOINT WARNING * * *
The black bear claws you.
* * * LOW HITPOINT WARNING * * *
The black bear claws you.
* * * LOW HITPOINT WARNING * * *
The black bear attacks as you move away!
The black bear bites you.
You die...

.. ### ...
##.###### ...#
#.......##...#
#............#
#..<.........#
#............+
######@.######
#.##..##h.####.##..
.......).).........
..o....).)|........
..o..[...†.........
..................>
#.....###...##..##+
#+#### #...# ..#
#..... .#


You could see a black bear.

Vanquished Creatures
  Grinder (Sewer)
  Sigmund (D:3)
  An acid dragon (D:7)
  A water moccasin (D:6)
  2 black bears
  A sky beast (D:4)
  An ice beast (D:6)
  2 centaurs
  Blork the orc (D:5)
  3 kobold brigands
  2 bullfrogs (D:6)
  3 scorpions
  A howler monkey (D:5)
  3 hounds
  A jelly (D:6)
  A quasit (Sewer)
  A gnoll bouda (D:6)
  An orc priest (D:7)
  2 iguanas
  4 orc wizards
  5 gnolls
  7 adders
  A river rat (D:3)
  4 shadow imps (Sewer)
  3 ufetubi (Sewer)
  An adder zombie (Sewer)
  3 worms
  3 dart slugs
  12 orcs
  11 endoplasms
  4 giant cockroaches
  5 hobgoblins
  6 jackals (D:1)
  24 kobolds
  7 quokkas
  6 ball pythons
  7 bats
  2 frilled lizards (D:2)
  8 goblins
  A kobold zombie (Sewer)
  9 rats
162 creatures vanquished.

Vanquished Creatures (others)
  An orc priest (D:6)
  A shadow imp (D:6)
  3 orcs (D:6)
  A giant cockroach zombie (Sewer)
6 creatures vanquished.

Grand Total: 168 creatures vanquished

Notes
Turn   | Place    | Note
-------+----------+-------------------------------------------
     0 | D:1      | Oxelix the Hill Orc Fighter began the quest for the Orb.
     0 | D:1      | Reached XP level 1. HP: 19/19 MP: 1/1
   227 | D:1      | Reached skill level 3 in Axes
   234 | D:1      | Reached XP level 2. HP: 24/27 MP: 2/2
   438 | D:1      | Reached skill level 4 in Axes
   721 | D:1      | Reached XP level 3. HP: 32/33 MP: 3/3
  1323 | D:2      | Found a faded altar of an unknown god.
  1531 | D:2      | Reached XP level 4. HP: 41/41 MP: 4/4
  1692 | D:2      | Reached skill level 5 in Axes
  2423 | D:3      | Found a glowing drain.
  2450 | Sewer    | Entered a sewer
  2590 | Sewer    | Reached XP level 5. HP: 41/47 MP: 5/5
  2846 | Sewer    | Reached skill level 5 in Fighting
  2846 | Sewer    | Reached skill level 6 in Axes
  2851 | Sewer    | Noticed a kobold brigand
  2853 | Sewer    | Noticed a kobold brigand
  2864 | Sewer    | Killed a kobold brigand
  2865 | Sewer    | Reached XP level 6. HP: 11/56 MP: 6/6
  2867 | Sewer    | HP: 2/56 [kobold/+0 short sword (3)]
  2871 | Sewer    | Reached skill level 7 in Axes
  3171 | Sewer    | Found a burning altar of Makhleb.
  3217 | Sewer    | Noticed Grinder
  3224 | Sewer    | Paralysed by Grinder for 5 turns
  3248 | Sewer    | Killed Grinder
  3249 | Sewer    | Reached skill level 8 in Axes
  3249 | Sewer    | Reached XP level 7. HP: 15/63 MP: 7/7
  4054 | D:3      | Found a large runed translucent door.
  4076 | D:3      | Found a large runed translucent door.
  4669 | D:3      | Noticed Sigmund
  4676 | D:3      | Killed Sigmund
  4677 | D:3      | Reached skill level 9 in Axes
  4678 | D:3      | Found a radiant altar of Vehumet.
  4686 | D:3      | Found a blossoming altar of Fedhas.
  4889 | D:4      | Found a large runed translucent door.
  4890 | D:4      | Found a large runed translucent door.
  4894 | D:4      | Found a large runed translucent door.
  4894 | D:4      | Found a large runed translucent door.
  4994 | D:4      | Found a staircase to the Ecumenical Temple.
  5017 | Temple   | Entered the Ecumenical Temple
  5052 | D:4      | Reached XP level 8. HP: 73/73 MP: 8/8
  5059 | D:4      | Found a glowing silver altar of Zin.
  5177 | D:4      | Reached skill level 10 in Axes
  5279 | D:4      | Reached skill level 11 in Axes
  5282 | D:4      | Identified the +0 chain mail of Mumblety Peg {Harm rPois
                  | rC+++ Str-4}
  5513 | D:4      | Found a glowing golden altar of the Shining One.
  5742 | D:5      | Entered Level 5 of the Dungeon
  6004 | D:5      | Noticed Blork the orc
  6015 | D:5      | Killed Blork the orc
  6016 | D:5      | Reached skill level 12 in Axes
  6335 | D:6      | Found Neyss's Antique Weapon Shop.
  6338 | D:6      | Bought a translucent broad axe for 225 gold pieces
  6338 | D:6      | Identified the +5 broad axe "Morefint" {freeze, Will- Str+3
                  | Dex+5} (You bought it in a shop on level 6 of the Dungeon)
  6380 | D:6      | Became a worshipper of Beogh the Brigand
  6429 | D:6      | Reached skill level 13 in Axes
  6429 | D:6      | Reached XP level 9. HP: 61/79 MP: 9/9
  6549 | D:6      | Found Syih's Jewellery Shop.
  6631 | D:6      | Reached skill level 14 in Axes
  6643 | D:6      | Found Tompousa's Book Shoppe.
  6648 | D:6      | Reached * piety under Beogh
  6678 | D:6      | Found Nediegg's Weapon Emporium.
  6907 | D:7      | HP: 2/79 [black bear (3)]
  6908 | D:7      | Slain by a black bear

Illustrated notes

Levels and vault maps discovered:
D:1:      psy_arrival_radial02, layout_basic
D:2:      layout_loops_ring, serial_glass, glass_columns_a, glass_columns_a,
          dreamdust_ecumenical_altar_grove
D:3:      layout_loops_corners, jmf_multi_god_temple2, gup_sewer_entry_bubbles,
          nicolae_elevator_lobby_asterisk, uniq_sigmund
D:4:      layout_rooms, general_overflow_altar, nicolae_tso_carved_into_rock,
          minmay_temple_entry_arrows, minmay_hollow_rounded_squares
D:5:      layout_rooms, uniq_blork_the_orc
D:6:      layout_rooms, serial_shops, nicolae_stop_n_shop_1,
          nicolae_diamond_shop, nicolae_shop_waterfront,
          nicolae_shop_bloodbath_and_beyond, grunt_ministairs_15,
          uniq_prince_ribbit1
D:7:      layout_gridville
Temple:   nicolae_temple_no_exploring_needed

Skill      XL: |  1  2  3  4  5  6  7  8  9 |
---------------+----------------------------+-----
Axes           | 3 4 5 6 8 9 13 14 | 14.5
Fighting       | 4 5 6 7 |  7.0
Armour         | |  3.5
Shields        | |  3.5

Action                   |  1- 3 |  4- 6 |  7- 9 || total
-------------------------+-------+-------+-------++-------
Melee: War axe           |   112 |   159 |    10 ||   281
       Broad axe         |       |       |   173 ||   173
Invok: Convert to Beogh  |       |       |     1 ||     1
  Use: Potion            |       |     2 |       ||     2
Armor: Scale mail        |    68 |    91 |   133 ||   292
Dodge: Dodged            |    54 |    68 |   141 ||   263
Block: Buckler           |    28 |    32 |    46 ||   106
